 Dungeon Crawl Stone Soup version 0.24-a0-446-g87df7205b4 (webtiles) character file.

Game seed: 1598624310253172587

42 Mrkan the Shield-Bearer (level 3, -4/24 HPs)
             Began as a Gargoyle Fighter on June 23, 2019.
             Slain by a phantom (6 damage)
             ... on level 2 of the Dungeon.
             The game lasted 00:03:00 (1008 turns).

Mrkan the Shield-Bearer (Gargoyle Fighter)          Turns: 1008, Time: 00:03:00

Health: -4/24      AC: 10    Str: 19    XL:     3   Next: 56%
Magic:  3/3        EV:  7    Int:  8    God:
Gold:   39         SH:  9    Dex: 10    Spells: 2/2 levels left

rFire    . . .     SeeInvis .   a - +0 flail
rCold    . . .     Gourm    .   c - +0 shield
rNeg     + . .     Faith    .   b - +0 scale mail
rPois    ∞         Spirit   .   (no helmet)
rElec    +         Reflect  .   (no cloak)
rCorr    .         Harm     .   (no gloves)
MR       .....                  (no boots)
Stlth    ..........             (no amulet)
HPRegen  0.08/turn              (no ring)
MPRegen  0.08/turn              (no ring)

@: no status effects
A: negative energy resistance 1, electricity resistance, unbreathing,
petrification resistance, rot immunity, AC +3
a: no special abilities


You were on level 2 of the Dungeon.
You were hungry.

You visited 1 branch of the dungeon, and saw 2 of its levels.

You collected 39 gold pieces.

Inventory:

Hand Weapons
 a - a +0 flail (weapon)
Armour
 b - a +0 scale mail (worn)
 c - a +0 shield (worn)
Scrolls
 e - a scroll of teleportation {unknown}
 g - a scroll of random uselessness {unknown}
 h - a scroll of identify {unknown}
Potions
 d - a potion of might
Comestibles
 f - a ration


   Skills:
 + Level 3.7 Fighting
 * Level 3.1 Maces & Flails
 - Level 3.2 Armour
 + Level 3.7 Shields


You had 2 spell levels left.
You didn't know any spells.
Your spell library was empty.

Dungeon Overview and Level Annotations

Branches:
Dungeon (2/15)

Altars:


Innate Abilities, Weirdness & Mutations

You are resistant to torment.
Your stone body is resilient. (AC +3)
You are immune to poison.
You resist negative energy. (rN+)
You are resistant to electric shocks. (rElec)
You can survive without breathing.
You are immune to petrification.
You are immune to rotting.


Message History

The phantom blinks!
The phantom blinks!
The phantom blinks!
You see here a +0 club.
You see here a +0 club.
You sock the phantom!
The phantom is almost destroyed.
The phantom hits you.
* * * LOW HITPOINT WARNING * * *
You closely miss the phantom.
The phantom is almost destroyed.
The phantom blinks!
You barely miss the phantom.
The phantom is almost destroyed.
The phantom hits you.
* * * LOW HITPOINT WARNING * * *
You closely miss the phantom.
The phantom is almost destroyed.
The phantom hits you.
You die...

#.# .# #.# ##.# #.#
#.. #.# #.# #.# #.#
#.# #.# #)# #.# #
##.###.#####.#
##..@..........
##...W.#........
.###.........####.#
.............# .#
### .###........##
.# .... ##.....#.#
##.#...##
##...##.####........
##.###.............
### #####.§.......


You could see a phantom.

Vanquished Creatures
  An ooze (D:2)
  A worm (D:2)
  3 dart slugs (D:1)
  A leopard gecko (D:2)
  5 goblins (D:1)
  4 hobgoblins
  3 bats (D:1)
  5 frilled lizards
  2 kobolds (D:1)
  5 rats
30 creatures vanquished.

Vanquished Creatures (others)
  An octopode (D:1)
  2 draconians (D:1)
  An elf (D:1)
  A troll (D:1)
  A formicid (D:1)
  A spriggan (D:1)
  A vampire (D:1)
  A human (D:1)
  A naga (D:1)
  An orc (D:1)
  A kobold (D:1)
  8 tentacles (D:1)
20 creatures vanquished.

Grand Total: 50 creatures vanquished

Notes
Turn   | Place    | Note
-------+----------+-------------------------------------------
     0 | D:1      | Mrkan the Gargoyle Fighter began the quest for the Orb.
     0 | D:1      | Reached XP level 1. HP: 14/14 MP: 1/1
     0 | D:1      | Noticed a draconian
     0 | D:1      | Noticed a troll
     0 | D:1      | Noticed a spriggan
     0 | D:1      | Noticed a formicid
     0 | D:1      | Noticed a naga
     0 | D:1      | Noticed a kraken
     0 | D:1      | Noticed an elf
     0 | D:1      | Noticed a draconian
     0 | D:1      | Noticed a human
     0 | D:1      | Noticed an octopode
     0 | D:1      | Noticed a vampire
     3 | D:1      | Killed a draconian
     5 | D:1      | Killed a naga
     7 | D:1      | Killed a formicid
    10 | D:1      | Killed an octopode
    10 | D:1      | Killed a draconian
    11 | D:1      | Killed a spriggan
    11 | D:1      | Killed a human
    11 | D:1      | Killed an elf
    12 | D:1      | Killed a troll
    12 | D:1      | Killed a vampire
   107 | D:1      | Reached XP level 2. HP: 19/19 MP: 2/2
   304 | D:1      | Reached XP level 3. HP: 19/23 MP: 3/3
   752 | D:2      | Noticed a phantom
  1008 | D:2      | Slain by a phantom

Levels and vault maps discovered:
D:1:      nicolae_arrival_kraken_aquarium_a, layout_loops_ring,
          minmay_misc_feat_secret_circle
D:2:      layout_loops_ring, uniq_sigmund

Skill      XL: |  1  2  3 |
---------------+----------+-----
Maces & Flails | 3 |  3.1
Fighting       | |  3.7
Armour         | |  3.2
Shields        | |  3.7

Action                   || total
-------------------------++-------
Melee: Flail             ||   190
Armor: Scale mail        ||   114
Dodge: Dodged            ||    70
Block: Shield            ||   104

Table legend:
 A = Non-vault XP
 B = Vault XP
 C = Vault XP percentage of total XP
 D = Non-vault monster count
 E = Vault monster count
 F = Vault count percentage of total count
                 A         B        C        D         E       F
            +---------+---------+-------+---------+---------+-------
      Total |      61 |       0 |   0.0 |      30 |       0 |   0.0
            +---------+---------+-------+---------+---------+-------
        D:1 |      42 |       0 |   0.0 |      24 |       0 |   0.0
        D:2 |      19 |       0 |   0.0 |       6 |       0 |   0.0
            +---------+---------+-------+---------+---------+-------
